 Dungeon Crawl Stone Soup version 0.31-a0-1591-g515db51633 (webtiles) character file.

Game seed: 5018754542114213569

147 BigPumpCobain the Changeling (level 5, -1/39 HPs)
             Began as a Merfolk Shapeshifter on Jan 7, 2024.
             Slain by a sky beast (6 damage)
             ... on level 4 of the Dungeon.
             The game lasted 00:03:03 (2123 turns).

BigPumpCobain the Changeling (Merfolk Shapeshifter) Turns: 2123, Time: 00:03:04

Health: -1/39      AC:  3    Str: 16    XL:     5   Next: 29%
Magic:  5/5        EV: 12    Int:  9    God:
Gold:   104        SH:  0    Dex: 14    Spells: 4/4 levels left

rFire   . . .        l - +2 short sword (venom)
rCold   . . .        (no shield)
rNeg    . . .        k - +0 leather armour
rPois   .            (helmet currently unavailable)
rElec   .            (cloak currently unavailable)
rCorr   .            (gloves currently unavailable)
SInv    .            (boots currently unavailable)
Will    .....        (no amulet)
Stlth   +            (no ring)
HPRegen 0.26/turn    (no ring)
MPRegen 0.09/turn

%: no passive effects
@: beast-form
A: beast (slay +3), (nimble swimmer 2), mertail
a: Begin Untransformation


You were on level 4 of the Dungeon.
You were a hulking beast.
You visited 1 branch of the dungeon, and saw 4 of its levels.

You collected 104 gold pieces.

Inventory:

Hand Weapons
 a - the +4 dagger "Busevif" {flame, rC+++ Int+5 Dex+2}
   (You took it off a goblin on level 3 of the Dungeon)

   Int+5:     It affects your intelligence (+5).
   Dex+2:     It affects your dexterity (+2).
   rC+++:     It renders you almost immune to cold.
 l - a +2 short sword of venom (weapon)
Armour
 k - a +0 leather armour (worn)
Talismans
 c - a beast talisman
 d - a flux talisman
Scrolls
 f - a scroll of fog
Potions
 b - a potion of lignification
 g - 2 potions of berserk rage
 h - 2 potions of heal wounds {unknown}
 i - a potion of degeneration {unknown}
 j - 2 potions of might {unknown}
 m - a potion of enlightenment {unknown}


   Skills:
 + Level 2.5 Fighting
 - Level 2.6 Dodging
 * Level 4.7 Unarmed Combat
 * Level 5.5 Shapeshifting


You had 4 spell levels left.
You didn't know any spells.
Your spell library contained the following spells:

 Spells                   Type           Power      Damage    Failure   Level
 Shock                    Conj/Air       0%         1d3       45%         1
 Sting                    Conj/Alch      0%         1d3       45%         1
 Mercury Vapours          Alch/Air       0%         N/A       58%         2
 Swiftness                Air            0%         N/A       83%         3
 Airstrike                Air            0%         2d(0-16)  99%         4
 Cause Fear               Hex            0%         N/A       99%         4
 Olgreb's Toxic Radiance  Alch           0%         N/A       99%         4
 Fireball                 Conj/Fire      0%         3d3       100%        5
 Dragon's Call            Summ           0%         N/A       100%        9


Dungeon Overview and Level Annotations

Branches:
Dungeon (4/15)
 Temple: D:4-7

Altars:


Innate Abilities, Weirdness & Mutations

You are a hulking beast.
Your limbs bulge with bestial killing power. (Slay +3)
((You are very nimble when in or above water. (Stealth+, EV+, Speed+++)))
Your lower body shifts to a powerful aquatic tail in water.


Message History

There is a stone staircase leading up here.
The endoplasm barely misses you.
The bombardier beetle sprays incendiary fluid at you.
The burning spray misses you.
The burning spray hits the endoplasm.
You climb upwards.
There is a stone staircase leading down here.
You hit the endoplasm.
The endoplasm is poisoned.
You punch the endoplasm.
You kill the endoplasm!
You swing at nothing.
You start waiting.
Done waiting.
You climb downwards.
There is a stone staircase leading up here.
The bombardier beetle completely misses you.
You hit the bombardier beetle.
The bombardier beetle is poisoned.
The bombardier beetle is moderately wounded.
The bombardier beetle bites you.
You barely miss the bombardier beetle.
The bombardier beetle is heavily wounded.
You hit the bombardier beetle.
You kill the bombardier beetle!
You have reached level 5!
You feel agile.
HP restored.
A sky beast comes into view.
Found 8 gold pieces.
Found an escape hatch in the ceiling.
The sky beast hits you. The sky beast shocks you.
You hit the sky beast.
The sky beast is lightly wounded.
The sky beast flickers out of sight!
Deactivating autopickup; reactivate with Ctrl-A.
Something hits you. Something shocks you.
You hit something but do no damage. Something hits you. Something shocks you.
You miss something. Something hits you. Something shocks you.
* * * LOW HITPOINT WARNING * * *
You closely miss something. Something hits you.
* * * LOW HITPOINT WARNING * * *
Something shocks you.
You die...

. #.####..# #.
##.......####
#.##...........###
##...........#....#.
............##...... ###
##.........###.... ....
#........#..##..# .....
####.....##.#..###.....#
.........##.....h{....#
.......<.#....#........#
.>...........##.......<.
...>#.##.....##.........
.##... #..<..##.........
..................##..
..#..........##.##..# .
. ............... ##.
#.. .$.##.#..


There were no monsters in sight!

Vanquished Creatures
  A bombardier beetle (D:4)
  An orc priest (D:3)
  2 adders (D:2)
  2 dart slugs (D:2)
  4 orcs (D:3)
  6 ball pythons
  7 bats
  5 endoplasms
  4 giant cockroaches (D:2)
  2 hobgoblins
  4 jackals (D:3)
  2 quokkas
  A frilled lizard (D:2)
  4 goblins
  4 kobolds
  3 rats
52 creatures vanquished.

Notes
Turn   | Place    | Note
-------+----------+-------------------------------------------
     0 | D:1      | BigPumpCobain the Merfolk Shapeshifter began the quest for
                  | the Orb.
     0 | D:1      | Reached XP level 1. HP: 15/15 MP: 1/1
   236 | D:1      | Reached XP level 2. HP: 19/21 MP: 2/2
   754 | D:2      | Reached XP level 3. HP: 11/27 MP: 3/3
  1349 | D:2      | Reached XP level 4. HP: 31/33 MP: 4/4
  1724 | D:3      | Reached skill level 5 in Shapeshifting
  1890 | D:3      | Identified the +4 dagger "Busevif" {flame, rC+++ Int+5
                  | Dex+2}
  2091 | D:4      | Reached XP level 5. HP: 35/39 MP: 5/5
  2110 | D:4      | Noticed a sky beast
  2123 | D:4      | Slain by a sky beast

Illustrated notes

Levels and vault maps discovered:
D:1:      minmay_arrival_checkered_box, layout_loops_ring
D:2:      layout_loops_ring
D:3:      layout_rooms
D:4:      minmay_polygon_palace, layout_cave_pools, minmay_temple_entry_waves,
          st_stairs_3, uniq_menkaure, uniq_crazy_yiuf_cottage

Skill      XL: |  1  2  3  4 |
---------------+-------------+-----
Unarmed Combat | 4 |  4.7
Fighting       | 2 |  2.5
Shapeshifting  | 5 |  5.5
Dodging        | |  2.6

Action                     |  1- 3 |  4- 6 || total
---------------------------+-------+-------++-------
  Melee: Unarmed           |    71 |     2 ||    73
         Short sword       |       |    44 ||    44
         Punch             |       |     1 ||     1
    Use: Scroll            |       |     4 ||     4
   Stab: Sleeping          |     2 |     1 ||     3
 Armour: Animal skin       |    12 |       ||    12
         Leather armour    |    16 |    19 ||    35
  Dodge: Dodged            |    44 |    16 ||    60

Table legend: (Time is in decaauts)
 A = Elapsed time spent in this place.
 B = Non-inter-level travel time spent in this place.
 C = Inter-level travel time spent in this place.
 D = Time resting spent in this place.
 E = Time spent auto-exploring this place.
 F = Levels seen in this place.
 G = Mean time per level.
                   A        B        C        D        E       F      G
               +--------+--------+--------+--------+--------+-----+--------+
         Total |   2119 |   2008 |    111 |    176 |   1511 |   4 |  529.8 |
       Dungeon |   2119 |   2008 |    111 |    176 |   1511 |   4 |  529.8 |
               +--------+--------+--------+--------+--------+-----+--------+

Top non-repeatable levels by time:
     D:2: 723 daAuts
     D:3: 709 daAuts
     D:1: 641 daAuts
     D:4: 44 daAuts
